 Dungeon Crawl Stone Soup version 0.27-a0-1557-g57f10a385c (webtiles) character file.

Game seed: 9627185630504291973

39 nyamberluvr69 the Slasher (level 3, 0/22 HPs)
             Began as a Deep Elf Fighter on July 16, 2021.
             Succumbed to an adder's poison
             ... on level 2 of the Dungeon.
             The game lasted 00:01:41 (1720 turns).

nyamberluvr69 the Slasher (Deep Elf Fighter)        Turns: 1720, Time: 00:01:41

Health: 0/22       AC:  6    Str: 14    XL:     3   Next: 28%
Magic:  5/5        EV:  6    Int: 12    God:
Gold:   34         SH:  8    Dex: 14    Spells: 2/2 levels left

rFire    . . .     SeeInvis .   a - +0 long sword
rCold    . . .     Faith    .   c - +0 kite shield
rNeg     . . .     Spirit   .   b - +0 scale mail
rPois    .         Reflect  .   (no helmet)
rElec    .         Harm     .   (no cloak)
rCorr    .         Rampage  .   (no gloves)
Will     .....                  (no boots)
Stlth    ..........             (no amulet)
HPRegen  0.07/turn              (no ring)
MPRegen  0.09/turn              (no ring)

@: lethally poisoned (0 -> -12)
A: no striking features
a: no special abilities


You were on level 2 of the Dungeon.
You visited 1 branch of the dungeon, and saw 2 of its levels.

You collected 34 gold pieces.

Inventory:

Hand Weapons
 a - a +0 long sword (weapon)
Armour
 b - a +0 scale mail (worn)
 c - a +0 kite shield (worn)
Scrolls
 d - a scroll of teleportation {unknown}
 e - a scroll of amnesia {unknown}
 f - a scroll of noise {unknown}
 g - a scroll of identify {unknown}
 h - a scroll of fear {unknown}


   Skills:
 + Level 2.8 Fighting
 * Level 3.0 Long Blades
 - Level 2.4 Armour
 - Level 2.4 Shields


You had 2 spell levels left.
You didn't know any spells.
Your spell library contained the following spells:

 Spells                   Type           Power      Damage    Failure   Level
 Beastly Appendage        Tmut           0%         N/A       100%        1
 Wereblood                Tmut           0%         N/A       100%        2
 Spider Form              Tmut/Pois      0%         N/A       100%        3


Dungeon Overview and Level Annotations

Branches:
Dungeon (2/15)

Altars:

Shops:
D:1 *


Message History

You hit the hobgoblin.
You kill the hobgoblin!
You hit the adder.
The adder is lightly wounded.
The adder bites you but does no damage. You block the adder's attack.
You hit the adder but do no damage.
The adder is lightly wounded.
The adder bites you but does no damage. You block the adder's attack.
You miss the adder.
The adder is lightly wounded.
The adder bites you but does no damage. You block the adder's attack.
You closely miss the adder.
The adder is lightly wounded.
The adder bites you. The adder bites you but does no damage.
You hit the adder.
The adder is moderately wounded.
The adder bites you.
You are poisoned.
The adder poisons you! The adder bites you but does no damage.
You closely miss the adder.
The adder is moderately wounded.
You feel sick.
The adder bites you but does no damage. x2
You barely miss the adder.
The adder is moderately wounded.
You feel sick. The adder barely misses you. The adder bites you.
* * * LOW HITPOINT WARNING * * *
You are lethally poisoned!
The adder poisons you!
Your shield prevents you from hitting the adder.
The adder is moderately wounded.
* * * LOW HITPOINT WARNING * * *
You feel sick. The adder bites you.
* * * LOW HITPOINT WARNING * * *
You are more poisoned.
The adder poisons you! You block the adder's attack.
You aren't carrying any potions.
You aren't carrying any potions.
Your shield prevents you from hitting the adder.
The adder is moderately wounded.
You die...

#.# #.# #..#
####.####.###
#..#######
#....w..S...#
#........#
#.#########.#
#.######.# #†# #.#
#.# #.# #S# #.#
#.######.# ..# #.#
#.##.....# ###
##.#######.##.#####
#.#..wS@...##.#
##.######..##.##
### #..##..#
#..###.######
######...#.......#
#...........####.#
#.####.#.##.# #.#
#.#.##.# #.#
#.#.##.#


You could see a worm and an adder.

Vanquished Creatures
  6 ball pythons (D:1)
  3 bats (D:1)
  6 endoplasms
  4 goblins
  3 hobgoblins
  2 quokkas (D:2)
  A frilled lizard (D:1)
  5 kobolds
  4 rats
34 creatures vanquished.

Notes
Turn   | Place    | Note
-------+----------+-------------------------------------------
     0 | D:1      | nyamberluvr69 the Deep Elf Fighter began the quest for the
                  | Orb.
     0 | D:1      | Reached XP level 1. HP: 13/13 MP: 3/3
    82 | D:1      | Reached skill level 2 in Long Blades
   150 | D:1      | Reached XP level 2. HP: 18/18 MP: 4/4
   235 | D:1      | Found Metuych's Assorted Antiques.
  1038 | D:1      | Reached XP level 3. HP: 22/22 MP: 5/5
  1617 | D:2      | Reached skill level 3 in Long Blades
  1720 | D:2      | Succumbed to an adder's poison

Illustrated notes

Levels and vault maps discovered:
D:1:      noname_arrival_rooms_in_the_neighbourhood, layout_rooms, serial_shops,
          nicolae_lakefront_shop
D:2:      layout_loops_ring, minmay_octomino_e4

Skill      XL: |  1  2  3 |
---------------+----------+-----
Long Blades    | 2 3 |  3.0
Fighting       | |  2.8
Armour         | |  2.4
Shields        | |  2.4

Action                   || total
-------------------------++-------
Melee: Long sword        ||   109
  Use: Potion            ||     1
Armor: Scale mail        ||    53
Dodge: Dodged            ||    25
Block: Kite shield       ||    50
       Rpst.: Long sword ||     5

Table legend: (Time is in decaauts)
 A = Elapsed time spent in this place.
 B = Non-inter-level travel time spent in this place.
 C = Inter-level travel time spent in this place.
 D = Time resting spent in this place.
 E = Time spent auto-exploring this place.
 F = Levels seen in this place.
 G = Mean time per level.
                   A        B        C        D        E       F      G
               +--------+--------+--------+--------+--------+-----+--------+
         Total |   1776 |   1743 |     33 |    575 |    881 |   2 |  888.0 |
       Dungeon |   1776 |   1743 |     33 |    575 |    881 |   2 |  888.0 |
               +--------+--------+--------+--------+--------+-----+--------+

Top non-repeatable levels by time:
     D:1: 1240 daAuts
     D:2: 535 daAuts
